[Event "Team 45 45 League T76"]
[Site "Internet Chess Club"]
[Date "2018.03.24"]
[Round "1"]
[White "QuieroAprender"]
[Black "Gilguli"]
[Result "1-0"]
[WhiteElo "1516"]
[BlackElo "1371"]
[Opening "Latvian: Fraser defense"]
[ECO "C40"]
[Time "15:13:15"]
[TimeControl "2700+45"]

1. e4 e5 2. Nf3 f5 3. Nxe5 Nc6 4. Nxc6 dxc6 5. Nc3 Bc5 6. Qh5+ g6 7. Qf3 Qe7 8.
Be2 Nf6 9. d3 Ng4 10. O-O fxe4 11. Qxe4 Qxe4 12. Nxe4 Be7 13. Bf4 O-O 14. Bxc7
Bd7 15. Ba5 Rf5 16. Bc3 Rf7 17. h3 Nh6 18. d4 Be6 19. b3 Bd5 20. f3 Raf8 21. Bd3
Nf5 22. Rae1 b6 23. Bb2 c5 24. c4 Bxe4 25. Bxe4 Ng3 26. Bd5 Nxf1 27. Rxe7 Ng3
28. dxc5 bxc5 29. Rxa7 Ne2+ 30. Kf2 Nf4 31. Bxf7+ Rxf7 32. Ra8+ Rf8 33. Rxf8+
Kxf8 34. Ba3 Ne6 35. Ke3 Ke7 36. Bb2 Kd6 37. h4 Nf8 38. g4 Ne6 39. a3 Kc6 40. b4
Kb6 41. Ke4 Nf8 42. Kd5 cxb4 43. axb4 Nd7 44. Bd4+ Kc7 {Black resigns} 1-0

[Event "Team 45 45 League T76"]
[Site "Internet Chess Club"]
[Date "2018.03.21"]
[Round "1"]
[White "BrerRabbit"]
[Black "Balderdash"]
[Result "1-0"]
[WhiteElo "1436"]
[BlackElo "1271"]
[Opening "Queen's pawn: London system"]
[ECO "A45"]
[Time "19:02:02"]
[TimeControl "2700+45"]

1. d4 Nf6 2. Bf4 Nd5 3. Bg3 Nc6 4. e3 d6 5. Bc4 e6 6. Nf3 Na5 7. Be2 Nf6 8. c4
Ne4 9. Qa4+ Nc6 10. d5 Nc5 11. Qd1 exd5 12. cxd5 Ne7 13. Nc3 Nf5 14. Bf4 h6 15.
h3 g5 16. Bh2 Qe7 17. O-O Bd7 18. Nb5 Na6 19. Rc1 c6 20. Nc3 Nc5 21. b4 Ne4 22.
Nxe4 Qxe4 23. dxc6 bxc6 24. a3 Be7 25. Qc2 Qe6 26. Rfd1 h5 27. Nd4 Qg6 28. Nxc6
Rc8 29. Qe4 Qe6 30. Qxe6 fxe6 31. Nxe7 Rxc1 32. Rxc1 Nxe7 33. Bxd6 Nf5 34. Be5
O-O 35. Rc7 Rd8 36. Bxh5 a6 37. Bf6 Rf8 38. Bxg5 Ng7 39. Rxd7 Nxh5 40. Rd8 Rxd8
41. Bxd8 Kf7 42. g4 Ng7 43. Bc7 Kg6 44. h4 Ne8 45. Be5 Kh7 46. Kf1 Kg6 47. Ke2
Kh6 48. Kd3 Kg6 49. Kc4 Kh6 50. Kc5 Kg6 51. Kb6 Kh6 52. Kxa6 Kg6 53. b5 Kf7 54.
b6 Ke7 55. b7 Kd7 56. b8=Q Ke7 57. Qb7+ Kf8 58. Kb6 Kg8 59. a4 Kf8 60. a5 Kg8
61. a6 Kf8 62. a7 Kg8 63. a8=Q Kf8 64. Qg7# {Black checkmated} 1-0

[Event "Team 45 45 League T76"]
[Site "Internet Chess Club"]
[Date "2018.03.22"]
[Round "1"]
[White "J-adoube"]
[Black "bardu"]
[Result "1-0"]
[WhiteElo "1211"]
[BlackElo "1325"]
[Opening "Ruy Lopez: exchange variation, 5.O-O"]
[ECO "C68"]
[Time "23:10:07"]
[TimeControl "2700+45"]

1. e4 e5 2. Nf3 Nc6 3. Bb5 a6 4. Bxc6 dxc6 5. O-O Bd6 6. Nc3 Nf6 7. d3 Bg4 8.
Be3 O-O 9. h3 Bh5 10. Bg5 Re8 11. Qe2 h6 12. Bd2 c5 13. Qe3 b6 14. a3 a5 15. Na2
Qd7 16. c3 Qb5 17. b4 cxb4 18. axb4 axb4 19. Nxb4 Bxb4 20. cxb4 Rad8 21. d4 exd4
22. Nxd4 Qe5 23. Nc6 Qxa1 24. Rxa1 Rxe4 25. Nxd8 Rxe3 26. Bxe3 Nd5 27. Ra8 Kh7
28. Nc6 Kg6 29. g4 {Black resigns} 1-0

[Event "Team 45 45 League T76"]
[Site "Internet Chess Club"]
[Date "2018.03.23"]
[Round "1"]
[White "az2112"]
[Black "drsigmund1"]
[Result "1-0"]
[WhiteElo "1589"]
[BlackElo "1503"]
[Opening "French: exchange variation"]
[ECO "C01"]
[Time "20:02:11"]
[TimeControl "2700+45"]

1. e4 e6 2. d4 d5 3. exd5 exd5 4. Bd3 Nf6 5. Bg5 Be7 6. Nf3 O-O 7. h3 Nc6 8. c3
h6 9. Bf4 Re8 10. O-O Bd6 11. Qc1 Bxf4 12. Qxf4 Ne4 13. Nbd2 Qd6 14. Qxd6 Nxd6
15. Rfe1 Bd7 16. Bc2 Rxe1+ 17. Rxe1 Re8 18. Kf1 Rxe1+ 19. Kxe1 Na5 20. Ne5 Be6
21. b4 Nac4 22. Nexc4 dxc4 23. a4 c6 24. Ne4 Nxe4 25. Bxe4 Bd5 26. f3 Kf8 27. b5
Ke7 28. bxc6 Bxc6 29. Bxc6 bxc6 30. Kd2 Kd6 31. Ke3 Kd5 32. Kf4 g6 33. h4 f6 34.
h5 gxh5 35. Kf5 c5 36. dxc5 Kxc5 37. Kxf6 Kd5 38. Kf5 Kc5 39. Ke5 Kb6 40. Kd5
Ka5 41. Kxc4 Kxa4 42. f4 {Black resigns} 1-0

[Event "Team 45 45 League T76"]
[Site "Internet Chess Club"]
[Date "2018.03.26"]
[Round "1"]
[White "Ludlow"]
[Black "joaoazm"]
[Result "0-1"]
[WhiteElo "1377"]
[BlackElo "1494"]
[Opening "Queen's pawn: London system"]
[ECO "A45"]
[Time "12:30:17"]
[TimeControl "2700+45"]

1. d4 Nf6 2. Bf4 d5 3. e3 c5 4. Nd2 Qb6 5. b3 cxd4 6. exd4 Qxd4 7. Be3 Qb2 8.
Ngf3 Nc6 9. Bb5 e5 10. O-O Bf5 11. Re1 Be7 12. Nxe5 Qxe5 13. Bc5 Ne4 14. Bxe7
Qxe7 15. Bd3 O-O 16. Nxe4 dxe4 17. c3 Rad8 {White resigns} 0-1

[Event "Team 45 45 League T76"]
[Site "Internet Chess Club"]
[Date "2018.03.21"]
[Round "1"]
[White "guyd52"]
[Black "LuFran"]
[Result "1/2-1/2"]
[WhiteElo "1283"]
[BlackElo "1391"]
[Opening "Réti: King's Indian attack"]
[ECO "A08"]
[Time "18:30:55"]
[TimeControl "2700+45"]

1. Nf3 d5 2. g3 c5 3. Bg2 Nc6 4. d3 Nf6 5. O-O e5 6. Nbd2 Be7 7. e4 O-O 8. exd5
Nxd5 9. Nc4 f6 10. a3 Be6 11. Bd2 Qd7 12. Qe2 Bh3 13. Rfe1 Bxg2 14. Kxg2 Qg4 15.
Nh4 Qxe2 16. Rxe2 g6 17. Rd1 Rad8 18. Ne3 Nxe3+ 19. Bxe3 Rfe8 20. c3 b6 21. Nf3
Kf7 22. Ne1 Rd7 23. Red2 Red8 24. f4 exf4 25. Bxf4 Bd6 26. Bxd6 Rxd6 27. Nf3
R8d7 28. h4 Re7 29. Kf2 Rde6 30. d4 cxd4 31. Nxd4 Nxd4 32. cxd4 Rd6 33. Kf3 Red7
34. Ke4 {Game drawn by mutual agreement} 1/2-1/2

[Event "Team 45 45 League T76"]
[Site "Internet Chess Club"]
[Date "2018.03.24"]
[Round "1"]
[White "BrianWood"]
[Black "Conjurer"]
[Result "1-0"]
[WhiteElo "1499"]
[BlackElo "1273"]
[Opening "Sicilian: closed"]
[ECO "B24"]
[Time "13:03:55"]
[TimeControl "2700+45"]

1. e4 c5 2. Nc3 Nc6 3. g3 a6 4. Bg2 e6 5. d3 Nf6 6. f4 g6 7. Nge2 d6 8. O-O Bg7
9. Be3 Qb6 10. Rb1 Ng4 11. Qd2 O-O 12. h3 Nxe3 13. Qxe3 Nd4 14. Qd2 Nxe2+ 15.
Nxe2 c4+ 16. Kh2 cxd3 17. cxd3 e5 18. f5 gxf5 19. exf5 f6 20. d4 Bd7 21. Bd5+
Kh8 22. b4 Bb5 23. dxe5 fxe5 24. g4 Bxe2 25. Qxe2 Bh6 26. Rb3 Bf4+ 27. Rxf4 exf4
28. Qb2+ Rf6 29. Qxf6# {Black checkmated} 1-0

[Event "Team 45 45 League T76"]
[Site "Internet Chess Club"]
[Date "2018.03.25"]
[Round "1"]
[White "mongmong"]
[Black "smsxman"]
[Result "1-0"]
[WhiteElo "1498"]
[BlackElo "1283"]
[Opening "Queen's pawn"]
[ECO "A40"]
[Time "12:01:36"]
[TimeControl "2700+45"]

1. d4 e6 2. Nf3 b6 3. e4 d5 4. e5 Bb7 5. c3 Be7 6. Bf4 a5 7. Bd3 c5 8. Nbd2 cxd4
9. cxd4 Bb4 10. O-O Bxd2 11. Qxd2 Ne7 12. Rfc1 Nbc6 13. a3 O-O 14. Rc2 Rc8 15.
Rac1 Na7 16. Rxc8 Bxc8 17. Qc3 Qd7 18. b3 Qc6 19. Qxc6 Nexc6 20. Bb5 Bb7 21.
Bxc6 Nxc6 22. Be3 f6 23. exf6 Rxf6 24. Ne1 Rf8 25. Nd3 h6 26. h3 Re8 27. Ne5 Rc8
28. Nxc6 Rxc6 29. Rxc6 Bxc6 30. b4 a4 31. g3 b5 32. h4 Kf7 33. Kg2 Kg6 34. Kf3
Kf5 35. g4+ Kg6 36. Kf4 Kf6 37. g5+ hxg5+ 38. hxg5+ Kg6 39. Ke5 Kf7 40. Kd6 Be8
41. Ke5 g6 42. Kd6 Kf8 43. Kxe6 Bf7+ 44. Kd6 Ke8 45. Kc5 Ke7 46. Kxb5 Be8+ 47.
Kc5 Ke6 48. b5 Bd7 49. b6 Bc8 50. Kc6 Kf5 51. Kc7 Ba6 52. b7 Bxb7 53. Kxb7 Ke4
54. Kb6 Kd3 55. Kb5 Kc3 56. Kxa4 Kc2 57. Kb4 {Black resigns} 1-0

[Event "Team 45 45 League T76"]
[Site "Internet Chess Club"]
[Date "2018.03.24"]
[Round "1"]
[White "rkjulianjr"]
[Black "Toalla"]
[Result "0-1"]
[WhiteElo "1269"]
[BlackElo "1214"]
[Opening "QGD Slav defense: exchange variation"]
[ECO "D10"]
[Time "13:02:15"]
[TimeControl "2700+45"]

1. d4 d5 2. c4 c6 3. cxd5 Qxd5 4. Nc3 Qd8 5. Bf4 Nf6 6. Nf3 Nbd7 7. e3 e6 8. a3
Be7 9. Bd3 O-O 10. O-O h6 11. Qc2 Nh5 12. Ne2 Nxf4 13. Nxf4 Nf6 14. Rfd1 Nd5 15.
Nh5 Nf6 16. Nxf6+ Bxf6 17. Ne5 Qe8 18. Ng4 Qe7 19. Nxf6+ Qxf6 20. f4 Bd7 21. Rf1
Qe7 22. Rf3 f5 23. Raf1 Rf6 24. Rg3 Kh8 25. Qd1 Qf7 26. Be2 g6 27. Rh3 Qh7 28.
Qb3 b5 29. Qb4 Kg7 30. Qe7+ Rf7 31. Qh4 Rh8 32. Qg3 Kf8 33. Qe1 Bc8 34. Qb4+ Re7
35. Qd6 Bb7 36. Bf3 Kf7 37. Bxc6 Bxc6 38. Qxc6 Rb8 39. Rc1 h5 40. Qd6 Qg8 41.
Rc7 Qd8 42. Qxd8 Rxd8 43. Rc8 Rxc8 {White resigns} 0-1

[Event "Team 45 45 League T76"]
[Site "Internet Chess Club"]
[Date "2018.03.23"]
[Round "1"]
[White "Just-Jim"]
[Black "oldprez1"]
[Result "0-1"]
[WhiteElo "1149"]
[BlackElo "1282"]
[Opening "King's Indian: East Indian defense"]
[ECO "A48"]
[Time "18:00:56"]
[TimeControl "2700+45"]

1. Nf3 Nf6 2. d4 g6 3. Nc3 Bg7 4. Bf4 O-O 5. e4 d6 6. h3 Nc6 7. a3 e5 8. dxe5
dxe5 9. Nxe5 Qxd1+ 10. Rxd1 Nh5 11. Nxc6 Nxf4 12. Ne7+ Kh8 13. Ncd5 Nxd5 14.
Nxd5 Be6 15. Nxc7 Rac8 16. Nxe6 fxe6 17. Bd3 Bxb2 18. a4 Bc3+ 19. Ke2 Kg7 20. f4
Rxf4 21. Rhf1 Rcf8 22. Rxf4 Rxf4 23. Ke3 e5 24. Rf1 Bd4+ 25. Kd2 g5 26. Rxf4
gxf4 27. Ke2 h5 28. Kf3 Kg6 29. g3 Be3 30. h4 a5 31. gxf4 exf4 32. e5+ Kf7 33.
Bc4+ Kg6 34. e6 Kf6 35. Bd5 b6 36. c4 Ke7 37. Ke4 Kf6 38. Kf3 Bd2 39. Ke2 Bb4
40. Kf3 Bd6 41. Ke4 Be7 42. Kxf4 Kg6 43. Bc6 Bxh4 44. Be8+ Kh6 45. Ke5 Be7 46.
Bxh5 Kxh5 47. Kd5 Kg6 48. Kc6 Bc5 49. Kd7 Kf6 50. e7 Bxe7 51. Kc6 Bc5 52. Kd5
Ke7 53. Kc6 Ke6 54. Kb5 Ke5 55. Kc6 Kd4 56. Kb5 Kc3 57. Kc6 Kxc4 58. Kb7 Kb4 59.
Ka6 Kxa4 60. Kb7 Kb3 61. Kc6 a4 62. Kb5 a3 {White resigns} 0-1

[Event "Team 45 45 League T76"]
[Site "Internet Chess Club"]
[Date "2018.03.24"]
[Round "1"]
[White "vedv"]
[Black "WzeroMN"]
[Result "0-1"]
[WhiteElo "958"]
[BlackElo "1143"]
[Opening "Giuoco Pianissimo: Italian four knights variation"]
[ECO "C46"]
[Time "12:03:14"]
[TimeControl "2700+45"]

1. e4 e5 2. Nf3 Nc6 3. Nc3 Bc5 4. Bc4 Nf6 5. d3 Na5 6. O-O Nxc4 7. dxc4 d6 8.
Bg5 h6 9. Bc1 O-O 10. Nd5 Be6 11. b4 c6 12. Nxf6+ Qxf6 13. bxc5 Bxc4 14. Re1
dxc5 15. Ba3 b6 16. Bb2 Rfd8 17. Qc1 Re8 18. h3 Qd6 19. Rd1 Qc7 20. Rd2 f6 21.
Nh4 Rad8 22. Rxd8 Rxd8 23. Qe3 Qf7 24. Nf5 Kh7 25. Qg3 Qg6 26. Qxg6+ Kxg6 27.
Ne7+ Kf7 28. Nxc6 Rd2 29. Nxa7 Rxc2 30. a3 Rxb2 31. a4 Ra2 32. Rxa2 Bxa2 33. Nc8
c4 34. Nxb6 c3 35. a5 c2 36. a6 c1=Q+ 37. Kh2 Qf4+ 38. Kg1 Qxe4 39. a7 Qb1+ 40.
Kh2 Bd5 41. Nxd5 Qb7 42. Nb6 Qxa7 43. Nc8 Qc7 44. Nb6 Qxb6 45. Kg3 f5 46. h4
Qg6+ 47. Kh2 h5 48. g3 Qg4 49. Kg2 f4 50. Kh1 fxg3 51. fxg3 Qe2 52. Kg1 Qd2 53.
Kh1 e4 54. Kg1 e3 55. Kf1 Qf2# {White checkmated} 0-1

[Event "Team 45 45 League T76"]
[Site "Internet Chess Club"]
[Date "2018.03.25"]
[Round "1"]
[White "SeniorCitizen"]
[Black "g8wrb"]
[Result "0-1"]
[WhiteElo "1198"]
[BlackElo "1314"]
[Opening "French: advance, Euwe variation"]
[ECO "C02"]
[Time "14:04:55"]
[TimeControl "2700+45"]

1. e4 e6 2. d4 d5 3. e5 c5 4. c3 Nc6 5. Nf3 Bd7 6. Bd3 Qb6 7. Bc2 cxd4 8. cxd4
Bb4+ 9. Nc3 Nge7 10. O-O Ng6 11. a3 Be7 12. Bxg6 hxg6 13. b4 O-O-O 14. Na4 Qb5
15. Be3 Nxd4 16. Bxd4 Qxa4 17. Qxa4 Bxa4 18. Bxa7 Kd7 19. Bc5 Rc8 20. Bxe7 Kxe7
21. Nd2 f5 22. Rfc1 g5 23. Nf3 g4 24. Nd4 g5 25. f3 gxf3 26. Nxf3 g4 27. Nd4 Kf7
28. g3 Rc4 29. Rxc4 dxc4 30. Rc1 Rc8 31. b5 Rc5 32. Kf2 Ke7 33. Ke3 Rxe5+ 34.
Kf2 Rc5 35. Ke3 Kf6 36. Kf4 e5+ {White resigns} 0-1

[Event "Team 45 45 League T76 u"]
[Site "Internet Chess Club"]
[Date "2018.03.25"]
[Round "1"]
[White "guyd52"]
[Black "olivermx"]
[Result "0-1"]
[WhiteElo "1283"]
[BlackElo "1275"]
[Opening "Réti opening"]
[ECO "A05"]
[Time "07:02:31"]
[TimeControl "2700+45"]

1. Nf3 Nf6 2. g3 d5 3. Bg2 c5 4. d3 e6 5. O-O Bd6 6. Nbd2 e5 7. e4 d4 8. Nc4 Nc6
9. Qe1 Bc7 10. a3 Be6 11. Ncd2 O-O 12. Ng5 Qd7 13. Nxe6 Qxe6 14. Nf3 h6 15. Bd2
c4 16. Bb4 Rfe8 17. Nd2 cxd3 18. c3 Nd7 19. a4 Nb6 20. b3 Bd6 21. Bxd6 Qxd6 22.
Rc1 Qe6 23. f4 f5 24. exf5 Qxf5 25. Be4 Qh5 26. Bxd3 exf4 27. Qd1 Qxd1 28. Rcxd1
fxg3 29. cxd4 gxh2+ 30. Kxh2 Nxd4 31. a5 Nd5 32. Bc4 Rad8 33. b4 Nc6 34. Rf5 Re5
35. Rf3 Nxb4 36. Nb3 Kh8 37. Rdf1 Nf6 38. Rf4 Rc8 39. Rd1 Re4 40. Rxe4 Nxe4 41.
Rd7 Rxc4 42. Rxb7 Nc6 43. Rc7 Rb4 44. Rxc6 Rxb3 45. Rc7 Ra3 46. Rxa7 Nd2 47. a6
Nc4 48. Ra8+ Kh7 49. Rc8 Nb6 50. Rc6 Rxa6 51. Kh3 Ra3+ 52. Kh4 Nd7 53. Rc7 Nf6
54. Re7 Ra4+ 55. Kh3 Re4 56. Rc7 Kg6 57. Rc5 h5 58. Rb5 Kh6 59. Rc5 g5 60. Rc6
Kg6 61. Rc5 Re3+ 62. Kg2 h4 63. Kf2 Ne4+ 64. Kxe3 Nxc5 65. Kf3 Kh5 66. Kg2 g4
67. Kh2 g3+ 68. Kh3 Ne4 69. Kg2 Kg4 70. Kg1 Kf3 71. Kf1 h3 72. Kg1 h2+ 73. Kh1
Nf2# {White checkmated} 0-1

[Event "Team 45 45 League T76"]
[Site "Internet Chess Club"]
[Date "2018.03.21"]
[Round "1"]
[White "Graybeard"]
[Black "oldbookseller"]
[Result "1-0"]
[WhiteElo "1054"]
[BlackElo "971"]
[Opening "Scotch gambit"]
[ECO "C44"]
[Time "13:00:53"]
[TimeControl "2700+45"]

1. e4 e5 2. Nf3 Nc6 3. d4 exd4 4. Bc4 Qe7 5. O-O Nf6 6. Ng5 Nxe4 7. Bxf7+ Kd8 8.
Re1 Qe5 9. Rxe4 Qf5 10. Bc4 Bd6 11. Nf7+ Qxf7 12. Bxf7 Rf8 13. Qe1 Ne7 14. Bc4
Bc5 15. Rf4 d5 16. Rxf8+ Kd7 17. Bd3 Nc6 18. Bf5+ Kd6 19. Bf4+ {Black resigns}
1-0